 Dungeon Crawl Stone Soup version 0.30-a0-159-g068b764562 (webtiles) character file.

Game seed: 5459624501604075384

431 qw the Shield-Bearer (level 6, -6/37 HPs)
             Began as a Gargoyle Fighter on Sept 27, 2022.
             Mangled by Prince Ribbit (11 damage)
             ... on level 5 of the Dungeon.
             The game lasted 00:01:29 (3680 turns).

qw the Shield-Bearer (Gargoyle Fighter)             Turns: 3680, Time: 00:01:30

Health: -6/37      AC: 16    Str: 22    XL:     6   Next: 99%
Magic:  6/6        EV:  9    Int:  8    God:
Gold:   294        SH: 13    Dex:  9    Spells: 5/5 levels left

rFire   . . .      SeeInvis .    Y - +2 war axe
rCold   . . .      Faith    .    h - +0 kite shield
rNeg    + . .      Spirit   .    u - +0 acid dragon scales
rPois   inf        Reflect  +    o - +0 helmet
rElec   +          Harm     .    l - +2 cloak
rCorr   +          Rampage  .    e - +0 pair of gloves
Will    +....                    (no boots)
Stlth   +.........               r - amulet of reflection
HPRegen 0.12/turn                n - ring of willpower
MPRegen 0.10/turn                (no ring)

@: no status effects
A: sickness immunity, AC +4, negative energy resistance 1, electricity
resistance, torment resistance 1, petrification resistance
a: no special abilities


You were on level 5 of the Dungeon.
You visited 1 branch of the dungeon, and saw 5 of its levels.

You collected 294 gold pieces.


Innate Abilities, Weirdness & Mutations

You are immune to sickness and miasma.
Your stone body is resilient. (AC +4)
You are immune to poison.
You resist negative energy. (rN+)
You are resistant to electric shocks. (rElec)
You are resistant to unholy torment.
You are immune to petrification.


   Skills:
 + Level 3.4 Fighting
 - Level 5.2 Axes
 - Level 3.2 Armour
 - Level 1.0 Dodging
 - Level 5.3 Shields


You had 5 spell levels left.
You didn't know any spells.
Your spell library was empty.

Inventory:

Hand Weapons
 c - a +0 flail of protection
 Y - a +2 war axe (weapon)
Armour
 e - a +0 pair of gloves (worn)
 h - a +0 kite shield (worn)
 l - a +2 cloak (worn)
 o - a +0 helmet (worn)
 u - +0 acid dragon scales (worn)
Jewellery
 n - a ring of willpower (left hand)
 r - an amulet of reflection (around neck)
Scrolls
 a - 2 scrolls of identify
Potions
 d - 4 potions of might
 f - a potion of mutation
 i - 3 potions of curing
 k - a potion of degeneration {unknown}
 m - a potion of attraction {unknown}
 p - a potion of lignification {unknown}
 q - a potion of resistance {unknown}

Dungeon Overview and Level Annotations

Branches:
Dungeon (5/15)             Temple (0/1) D:4

Altars:
Dithmenos
Elyvilon

Shops:
D:4 =

Annotations:
D:5 Prince Ribbit


Message History

The orc hits you but does no damage. You block the orc's attack.
You block the orc's attack.
You closely miss the orc. The orc barely misses you.
You slash the orc!
You kill the orc!
You start resting.
Prince Ribbit comes into view.
Prince Ribbit blinks!
Prince Ribbit blinks!
Prince Ribbit blinks!
Prince Ribbit blinks!
Prince Ribbit hits you but does no damage.
Things that are here:
a +0 spear; a +0 leather armour; an orc corpse You miss Prince Ribbit.
Prince Ribbit catches a blue-tailed skink with his tongue.
Prince Ribbit blinks!
You slash Prince Ribbit!
Prince Ribbit is heavily wounded.
Prince Ribbit hits you. Prince Ribbit hits you!
You completely miss Prince Ribbit.
Prince Ribbit is moderately wounded.
You block Prince Ribbit's attack.
Prince Ribbit hits you but does no damage.
You miss Prince Ribbit.
Prince Ribbit is moderately wounded.
You block Prince Ribbit's attack.
Prince Ribbit hits you but does no damage.
You barely miss Prince Ribbit.
Prince Ribbit is moderately wounded.
Prince Ribbit sighs, "It's not easy being green!"
Prince Ribbit hits you!
Prince Ribbit blinks!
You barely miss Prince Ribbit.
Prince Ribbit is moderately wounded.
Prince Ribbit blinks!
You barely miss Prince Ribbit.
Prince Ribbit is moderately wounded.
Prince Ribbit hits you!
You die...

######...####.#
#.............# .#
#.####...###### .# #.#
##.## ####.#### ..## #.#
#!......# ...# ##.##
#.......#
##.###...#####.......###
##.......%....)).......#
...##.###.####..@F......
......# #.....)>........
#..##.###.####..........
.........## #########.#
##.####### # ##.# #.#
#.# .#


You could see Prince Ribbit.

Vanquished Creatures
  3 scorpions
  2 hounds (D:5)
  An orc priest (D:3)
  Robin (D:3)
  4 adders
  3 worms
  3 dart slugs
  13 orcs
  7 ball pythons
  5 endoplasms
  2 giant cockroaches
  14 goblins
  8 hobgoblins
  7 kobolds
  5 quokkas
  3 bats
  4 frilled lizards
  7 rats
92 creatures vanquished.

Notes
Turn   | Place    | Note
-------+----------+-------------------------------------------
     0 | D:1      | qw the Gargoyle Fighter began the quest for the Orb.
     0 | D:1      | Reached XP level 1. HP: 14/14 MP: 1/1
     0 | D:1      | 0 ||| qw: Version: 0.2-a-10-g37ed214
     0 | D:1      | 0 ||| qw: Game counter: 542
     0 | D:1      | 0 ||| qw: Always use a shield: true
     0 | D:1      | 0 ||| qw: God list: Okawaru
     0 | D:1      | 0 ||| qw: Allow faded altars: false
     0 | D:1      | 0 ||| qw: Do Orc after D:15 true
     0 | D:1      | 0 ||| qw: Do second Lair branch before Depths: true
     0 | D:1      | 0 ||| qw: Lair rune preference: random
     0 | D:1      | 0 ||| qw: Plans: Normal, Zot:1-4, God:TSO, Crypt, Tomb,
                  | Pan, Slime:5, Hells, Abyss, Orb
     0 | D:1      | 0 ||| PLANNING D:1-11
    13 | D:1      | 13 ||| Stepping ~*~*~tactically~*~*~ (hiding).
   175 | D:1      | Reached XP level 2. HP: 19/19 MP: 2/2
   196 | D:1      | 196 ||| DROPPING +0 club.
   798 | D:1      | Reached skill level 3 in Axes
   932 | D:1      | 932 ||| UPGRADING to +0 kite shield.
   942 | D:1      | 942 ||| DROPPING +0 buckler.
   943 | D:1      | 943 ||| DROPPING amulet of faith.
   944 | D:1      | 944 ||| READING 3 scrolls labelled SUORY EKOAM.
   945 | D:1      | 945 ||| READING scroll labelled BEEJOLEJENT.
   946 | D:1      | 946 ||| READING scroll labelled TOMUUB CIEVOM.
  1047 | D:1      | 1047 ||| READING scroll labelled KIL ROPYELLO.
  1051 | D:1      | 1051 ||| READING 2 scrolls of identify.
  1051 | D:1      | 1051 ||| IDENTIFYING grey potion
  1070 | D:2      | Reached XP level 3. HP: 20/23 MP: 3/3
  1165 | D:2      | 1165 ||| Stepping ~*~*~tactically~*~*~ (stealth).
  1457 | D:2      | Found a faded altar of an unknown god.
  1488 | D:2      | 1488 ||| Stepping ~*~*~tactically~*~*~ (stealth).
  1584 | D:2      | 1584 ||| DROPPING +0 whip.
  1629 | D:2      | Found a shadowy altar of Dithmenos.
  1765 | D:2      | 1765 ||| UPGRADING to +0 pair of gloves.
  1770 | D:2      | 1770 ||| UPGRADING to +2 cloak.
  1775 | D:2      | 1775 ||| UPGRADING to amulet of the acrobat.
  1780 | D:2      | 1780 ||| UPGRADING to ring of willpower.
  1781 | D:2      | 1781 ||| READING scroll labelled LEPNOSIRIE.
  1782 | D:2      | 1782 ||| READING scroll labelled GEINTE ZAGES.
  1830 | D:2      | 1830 ||| READING scroll labelled ISSOSUE SOAMIRELO.
  1889 | D:3      | 1889 ||| Stepping ~*~*~tactically~*~*~ (stealth).
  1891 | D:3      | Reached XP level 4. HP: 28/28 MP: 4/4
  1893 | D:3      | 1893 ||| DROPPING +0 flail.
  2104 | D:3      | Noticed Robin
  2123 | D:3      | Killed Robin
  2338 | D:3      | 2338 ||| READING scroll of enchant weapon.
  2338 | D:3      | 2338 ||| ENCHANTING +1 war axe.
  2570 | D:3      | Reached XP level 5. HP: 17/32 MP: 5/5
  2847 | D:3      | 2847 ||| UPGRADING to +0 helmet.
  2852 | D:3      | 2852 ||| DROPPING ring of wizardry.
  2853 | D:3      | 2853 ||| DRINKING 2 clear potions.
  2854 | D:3      | 2854 ||| READING 2 scrolls of identify.
  2854 | D:3      | 2854 ||| IDENTIFYING fuming blue potion
  2855 | D:3      | 2855 ||| DROPPING potion of flight.
  2889 | D:4      | 2889 ||| Stepping ~*~*~tactically~*~*~ (stealth).
  2889 | D:4      | Found Jyneuschinu's Jewellery Shoppe.
  2890 | D:4      | 2890 ||| Stepping ~*~*~tactically~*~*~ (stealth).
  2891 | D:4      | 2891 ||| Stepping ~*~*~tactically~*~*~ (stealth).
  2892 | D:4      | 2892 ||| Stepping ~*~*~tactically~*~*~ (stealth).
  2919 | D:4      | Found a white marble altar of Elyvilon.
  2972 | D:4      | 2972 ||| SHOPLISTING +6 ring of strength (432 gold, have
                  | 236).
  2972 | D:4      | 2972 ||| SHOPLISTING amulet of Moatief {Reflect -Cast
                  | Rampage rN++ SH+5} (486 gold, have 236).
  2972 | D:4      | 2972 ||| SHOPLISTING ring of fire (300 gold, have 236).
  2972 | D:4      | 2972 ||| SHOPLISTING ring of ice (300 gold, have 236).
  3040 | D:4      | Reached XP level 6. HP: 32/37 MP: 6/6
  3144 | D:4      | 3144 ||| Stepping ~*~*~tactically~*~*~ (stealth).
  3356 | D:4      | Found a staircase to the Ecumenical Temple.
  3410 | D:4      | 3410 ||| UPGRADING to +0 acid dragon scales.
  3420 | D:4      | 3420 ||| DROPPING +0 scale mail.
  3421 | D:4      | 3421 ||| UPGRADING to amulet of reflection.
  3431 | D:4      | 3431 ||| DROPPING amulet of the acrobat.
  3432 | D:4      | 3432 ||| READING scroll labelled FAAWUDEVELL.
  3433 | D:4      | 3433 ||| READING scroll labelled KIGHABBEMED.
  3434 | D:4      | 3434 ||| READING scroll labelled ZAEHEO XOXA.
  3454 | D:5      | Entered Level 5 of the Dungeon
  3625 | D:5      | Reached skill level 1 in Dodging
  3658 | D:5      | Noticed Prince Ribbit
  3676 | D:5      | HP: 4/37 [Prince Ribbit (9)]
  3680 | D:5      | Mangled by Prince Ribbit

Levels and vault maps discovered:
D:1:      dpeg_arrival_arbitrary_a, layout_loops_ring
D:2:      layout_basic, basic_altar, hellmonk_ecumenical_altar_zigzags,
          corexii_hall_statues_t
D:3:      layout_rooms, serial_aquarium, aquarium_bridge_straight
          [aquarium_subvault_bridge, aquarium_subvault_balcony,
          aquarium_subvault_bridge, aquarium_subvault_window],
          aquarium_bridge_long_separate [aquarium_subvault_bridge,
          aquarium_subvault_bridge, aquarium_subvault_bridge,
          aquarium_subvault_wall, aquarium_subvault_window,
          aquarium_subvault_bridge], aquarium_window_fake, aquarium_window_3,
          aquarium_window_2, aquarium_window_1, aquarium_view_2c,
          aquarium_balcony_3b, uniq_robin
D:4:      layout_cave_pools, mainiacjoe_overflow_cross_hatched,
          minmay_temple_entry_from_below_b, serial_shops, nicolae_shop_trees
D:5:      layout_loops_ring, trog_three_pillars_becter, uniq_prince_ribbit1

Skill      XL: |  1  2  3  4  5  6 |
---------------+-------------------+-----
Axes           | 2 3 4 5 |  5.2
Shields        | 4 5 |  5.3
Dodging        | 1 |  1.0
Fighting       | |  3.4
Armour         | |  3.2

Action                   |  1- 3 |  4- 6 || total
-------------------------+-------+-------++-------
Melee: War axe           |    93 |   150 ||   243
  Use: Scroll            |     8 |     5 ||    13
       Potion            |       |     1 ||     1
Armor: Scale mail        |    36 |    67 ||   103
       Acid dragon scale |       |    22 ||    22
Dodge: Dodged            |    32 |    57 ||    89
Block: Buckler           |     7 |       ||     7
       Kite shield       |     8 |    82 ||    90

Table legend:
 A = Non-vault XP
 B = Vault XP
 C = Vault XP percentage of total XP
 D = Non-vault monster count
 E = Vault monster count
 F = Vault count percentage of total count
                 A         B        C        D         E       F
            +---------+---------+-------+---------+---------+-------
      Total |     580 |      36 |   5.8 |      80 |      12 |  13.0
            +---------+---------+-------+---------+---------+-------
        D:1 |      32 |       0 |   0.0 |      17 |       0 |   0.0
        D:2 |      45 |       0 |   0.0 |      17 |       0 |   0.0
        D:3 |      88 |      36 |  29.0 |      18 |      12 |  40.0
        D:4 |     198 |       0 |   0.0 |      18 |       0 |   0.0
        D:5 |     217 |       0 |   0.0 |      10 |       0 |   0.0
            +---------+---------+-------+---------+---------+-------
